 Dungeon Crawl Stone Soup version 0.30-a0-964-gd452b5e7fa (webtiles) character file.

Game seed: 16307565869946546695

60508 jasper the Peltast (level 14, -9/121 HPs)
             Began as a Pale Draconian Conjurer on Mar 30, 2023.
             Was a High Priest of Vehumet.
             Killed by divine providence
             ... invoked by an orc high priest
              (14 damage)
             ... on level 2 of the Orcish Mines.
             The game lasted 00:53:40 (23848 turns).

jasper the Peltast (Pale Draconian Conjurer)       Turns: 23848, Time: 00:53:41

Health: -9/121     AC: 13    Str: 14    XL:     14   Next: 57%
Magic:  11/26      EV: 13    Int: 25    God:    Vehumet [*****.]
Gold:   1743       SH: 19    Dex: 10    Spells: 8/30 levels left

rFire   + . .      SeeInvis +    w - staff of conjuration "Nygyifryegan" {Will+}
rCold   + . .      Faith    .    G - +7 kite shield of Past Mistakes {Regen+}
rNeg    + . .      Spirit   .    (body armour unavailable)
rPois   .          Reflect  .    (helmet restricted)
rElec   .          Rampage  .    q - +1 cloak
rCorr   +                        (no gloves)
Will    ++...                    k - +2 pair of boots
Stlth   ++                       K - amulet of regeneration
HPRegen 2.00/turn                d - ring "Beedo" {rF+ rC+ Str+4 Slay+3}
MPRegen 0.20/turn                B - ring "Vilyal" {rN+ rCorr Int+2 SInv}

@: very slightly contaminated
A: breathe steam, AC +8, unfitting armour, cold-blooded, steam resistance
a: Breathe Steam, Renounce Religion


You were on level 2 of the Orcish Mines.
You worshipped Vehumet.
Vehumet was extremely pleased with you.
You visited 4 branches of the dungeon, and saw 21 of its levels.

You collected 2301 gold pieces.
You spent 558 gold pieces at shops.

Inventory:

Hand Weapons
 c - a +1 spectral mace
 e - the +6 hand axe of Luttiboq {holy, rF+}
   (You found it on level 2 of the Dungeon)

   rF:        It protects you from fire.
Missiles
 n - 33 poisoned darts
 I - 4 curare-tipped darts
Armour
 k - a +2 pair of boots (worn)
 q - a +1 cloak (worn)
 G - the +7 kite shield of Past Mistakes (worn) {Regen+}
   (You bought it in a shop on level 5 of the Dungeon)

   Regen:     It increases your rate of health regeneration.
Magical Staves
 w - the staff of conjuration "Nygyifryegan" (weapon) {Will+}
   (You acquired it on level 11 of the Dungeon)

   [staff of conjuration]

   Base accuracy: +5 Base damage: 5 Base attack delay: 1.2 This weapon's minimum
   attack delay (0.6) is reached at skill level 12.
   Will:      It increases your willpower.
   It falls into the 'Staves' category.
   It is a one-handed weapon.
Jewellery
 d - the ring "Beedo" (left hand) {rF+ rC+ Str+4 Slay+3}
   (You found it on level 2 of the Dungeon)

   [ring of protection from cold]

   Str:       It affects your strength (+4).
   Slay:      It affects your accuracy & damage with ranged weapons and melee
   (+3).
   rF:        It protects you from fire.
   rC:        It protects you from cold.
 r - a +6 ring of strength
 u - a ring of protection from cold
 x - a ring of positive energy
 B - the ring "Vilyal" (right hand) {rN+ rCorr Int+2 SInv}
   (You found it on level 7 of the Dungeon)

   [ring of resist corrosion]

   Int:       It affects your intelligence (+2).
   rN:        It protects you from negative energy.
   SInv:      It lets you see invisible.
   rCorr:     It protects you from acid and corrosion.
 E - a +5 ring of evasion
 H - a +4 ring of slaying
 K - an amulet of regeneration (around neck)
 M - a ring of see invisible
Wands
 m - a wand of flame (26)
 y - a wand of mindburst (24)
 F - a wand of charming (19)
Scrolls
 h - 4 scrolls of fog
 j - 2 scrolls of torment
 p - 5 scrolls of fear
 s - a scroll of enchant armour
 t - 3 scrolls of poison
 v - 5 scrolls of teleportation
 J - a scroll of enchant weapon
 L - a scroll of summoning
 P - a scroll of magic mapping
 R - 2 scrolls of amnesia
Potions
 a - 2 potions of cancellation
 b - 2 potions of berserk rage
 f - 5 potions of attraction
 g - 7 potions of curing
 i - 3 potions of lignification
 l - 2 potions of invisibility
 o - 3 potions of flight
 z - a potion of might
 C - a potion of mutation {unknown}
 D - 2 potions of heal wounds {unknown}
 O - a potion of ambrosia {unknown}
 Q - a potion of brilliance {unknown}
 S - a potion of experience {unknown}


   Skills:
 + Level 10.3 Fighting
 + Level 8.5 Dodging
 - Level 1.7 Stealth
 - Level 15.0 Shields
 + Level 8.5 Spellcasting
 - Level 10.0 Conjurations
 - Level 2.0 Hexes
 - Level 1.0 Necromancy
 - Level 2.0 Translocations
 * Level 12.1 Air Magic
 - Level 1.0 Poison Magic


You had 8 spell levels left.
You knew the following spells:

 Your Spells              Type           Power      Damage    Failure   Level
a - Conjure Ball Lightni  Conj/Air       39%        3x3d13    4%          6
b - Searing Ray           Conj           100%       2d8       1%          2
c - Fulminant Prism       Conj/Hex       28%        3d14      2%          4
d - Iskenderun's Mystic   Conj/Tloc      57%        2d12      2%          4
e - Cigotuvi's Dreadful   Necr/Pois/Air  68%        N/A       2%          2
f - Airstrike             Air            31%        2d(5-21)  1%          4

Your spell library contained the following spells:

 Spells                   Type           Power      Damage    Failure   Level
 Kiss of Death            Conj/Necr      100%       2d13      1%          1
 Magic Dart               Conj           100%       1d8       1%          1
 Dazzling Flash           Conj/Hex       100%       N/A       1%          3
 Hailstorm                Conj/Ice       52%        3d12      1%          3
 Freeze                   Ice            40%        1d6       2%          1
 Slow                     Hex            80%        N/A       4%          1
 Frozen Ramparts          Ice            20%        1d4       9%          3
 Summon Small Mammal      Summ           40%        N/A       10%         1
 Irradiate                Conj/Tmut      26%        3d20      10%         5
 Confusing Touch          Hex            20%        N/A       13%         3
 Summon Guardian Golem    Hex/Summ       15%        N/A       21%         3
 Vampiric Draining        Necr           15%        2d7       21%         3
 Call Canine Familiar     Summ           10%        N/A       30%         3
 Ozocubu's Armour         Ice            10%        N/A       30%         3
 Dispel Undead            Necr           15%        3d10      54%         4
 Summon Forest            Summ/Tloc      7%         N/A       88%         5
 Blade Hands              Tmut           5%         N/A       95%         5
 Eringya's Noxious Bog    Tmut/Pois      6%         N/A       95%         6
 Death Channel            Necr           7%         N/A       100%        6
 Dragon Form              Tmut           5%         N/A       100%        7
 Ozocubu's Refrigeration  Ice            5%         4d8       100%        7
 Summon Hydra             Summ           5%         N/A       100%        7


Dungeon Overview and Level Annotations

Branches:
Dungeon (13/15)            Temple (1/1) D:4            Lair (5/5) D:8
 Shoals (0/4) Lair:3       Spider (0/4) Lair:3        Slime (0/5) Lair:5
    Orc (2/2) D:12            Elf (0/3) Orc:2
 Vaults: D:13-14

Altars:
Ashenzari
Cheibriados
Elyvilon
Fedhas
Gozag
Kikubaaqudgha
Makhleb
Nemelex Xobeh
Okawaru
Qazlal
Ru
Sif Muna
Trog
Uskayaw
Vehumet
Wu Jian
Xom
Yredelemnul
The Shining One

Shops:
D:5 [

Portals:
Trove: D:11 (give 3 potions of resistance)
Ice
Cave: Lair:5


Innate Abilities, Weirdness & Mutations

You can breathe blasts of scalding, opaque steam.
Your pale cyan-grey scales are hard. (AC +8)
You cannot fit into any form of body armour.
You are cold-blooded and may be slowed by cold attacks.
You are immune to the effects of steam.


Message History

* * * LOW HITPOINT WARNING * * *
The blast of lightning engulfs the ufetubus!!
You kill the ufetubus!
The ufetubus disappears in a puff of smoke!
The blast of lightning engulfs your ball lightning.
Your ball lightning completely resists.
The blast of lightning engulfs the soul eater!
The soul eater is almost dead.
The blast of lightning engulfs the orc high priest!!
The orc high priest is severely wounded.
The blast of lightning engulfs the ufetubus!!
You kill the ufetubus!
The ufetubus disappears in a puff of smoke!
The blast of lightning engulfs your ball lightning.
Your ball lightning completely resists.
Your ball lightning explodes!
The blast of lightning engulfs the orc high priest!
You kill the orc high priest!
Vehumet accepts your kill.
You feel your power returning.
The ice devil disappears in a puff of smoke!
The ynoxinul disappears in a puff of smoke!
The blast of lightning engulfs your ball lightning.
Your ball lightning completely resists.
The blast of lightning engulfs the orc high priest!
The orc high priest is almost dead.
The blast of lightning engulfs you!!
* * * LOW HITPOINT WARNING * * *
The blast of lightning engulfs the soul eater!!
You kill the soul eater!
The soul eater disappears in a puff of smoke!
The blast of lightning engulfs the neqoxec!!
The neqoxec is almost dead.
Your ball lightning explodes!
The blast of lightning engulfs the neqoxec!!
You kill the neqoxec!
The neqoxec disappears in a puff of smoke!
The orc high priest mumbles some strange prayers to Beogh against you.
Beogh smites you!
You die...

...#...##
#...#...#...#
#.....##
#.........##
#..#.##
#..#...#..#
...###
#.......## #.##
###.#.### ###
#.....#
###.#.###
##.......##
#..#.@.#..#
##.........##
#...#§§.#...#
##....§)§....##
#....#o§.#....#
#......5§.....#
#....#§..#....#
#...5.........#
#....#5..#....#


You could see an orc high priest.

Vanquished Creatures
  Jorgrun (Orc:2)
  2 orc warlords (D:12)
  Josephine (D:11)
  2 hydras
  4 boulder beetles
  9 death yaks (Lair:4)
  A two-headed ogre (D:11)
  4 orc high priests (Orc:2)
  Sonja (D:11)
  2 skysharks
  A pharaoh ant (Lair:2)
  An ugly thing (D:11)
  7 orc knights
  An orc sorcerer (Orc:1)
  A cyclops (D:11)
  2 elephants (Lair:4)
  4 black mambas
  A torpor snail (Lair:4)
  16 cane toads
  A water nymph (Lair:3)
  2 unseen horrors
  4 rime drakes
  5 komodo dragons
  A kobold demonologist (D:10)
  3 polar bears
  7 trolls
  3 hornets
  A tarantella (Lair:3)
  16 blink frogs
  A vampire (D:10)
  2 jumping spiders (Lair:3)
  5 shadows
  4 wraiths
  6 wyverns
  7 basilisks
  51 yaks
  5 wargs
  4 acid dragons
  16 water moccasins
  2 sky beasts
  Pargi (D:4)
  2 ice beasts
  33 orc warriors
  4 black bears (Lair:2)
  2 ogres
  4 wolves (Lair:2)
  9 centaurs
  4 kobold brigands
  15 bullfrogs
  2 gnoll sergeants
  7 scorpions
  5 wights (D:6)
  A jelly (D:6)
  6 howler monkeys
  5 electric eels
  A crimson imp (D:8)
  3 hounds
  27 orc priests
  3 sleepcaps
  An iguana (D:5)
  21 orc wizards
  7 hell rats
  13 gnolls
  8 adders
  3 white imps
  4 ufetubi
  3 worms
  3 dart slugs
  82 orcs
  8 ball pythons
  5 bats
  8 endoplasms
  2 giant cockroaches
  7 goblins
  3 hobgoblins
  3 jackals (D:2)
  A quokka (D:5)
  A frilled lizard (D:1)
  19 kobolds
  4 rats
547 creatures vanquished.

Vanquished Creatures (collateral kills)
  4 ball lightnings (Orc:2)
4 creatures vanquished.

Vanquished Creatures (others)
  64 ball lightnings (Orc:2)
  17 fulminant prisms
  30 fungi
  42 plants
153 creatures vanquished.

Grand Total: 704 creatures vanquished

Notes
Turn   | Place    | Note
-------+----------+-------------------------------------------
     0 | D:1      | jasper the Draconian Conjurer began the quest for the Orb.
     0 | D:1      | Reached XP level 1. HP: 14/14 MP: 3/3
   169 | D:1      | Reached XP level 2. HP: 22/22 MP: 0/5
   172 | D:1      | Learned a level 2 spell: Searing Ray
   444 | D:1      | Found a faded altar of an unknown god.
   673 | D:1      | Reached skill level 1 in Fighting
   965 | D:1      | Reached XP level 3. HP: 28/28 MP: 2/6
  1579 | D:2      | Identified the ring "Beedo" {rF+ rC+ Str+4 Slay+3}
  1986 | D:2      | Identified the +6 hand axe of Luttiboq {holy, rF+}
  2222 | D:2      | Reached XP level 4. HP: 35/35 MP: 4/7
  2227 | D:2      | Learned a level 4 spell: Fulminant Prism
  3479 | D:3      | Reached skill level 5 in Conjurations
  3483 | D:3      | Reached XP level 5. HP: 39/41 MP: 0/9
  3660 | D:4      | Found a staircase to the Ecumenical Temple.
  3676 | Temple   | Entered the Ecumenical Temple
  3711 | Temple   | Became a worshipper of Vehumet
  3763 | D:4      | Noticed Pargi
  4308 | D:4      | Reached XP level 6. HP: 46/50 MP: 3/10
  4620 | D:4      | Reached * piety under Vehumet
  4620 | D:4      | Offered knowledge of Shock by Vehumet.
  4748 | D:5      | Entered Level 5 of the Dungeon
  4755 | D:4      | Your scales start taking on a pale cyan-grey colour.
  4755 | D:4      | Reached XP level 7. HP: 57/57 MP: 5/12
  4755 | D:4      | Gained mutation: You are immune to the effects of steam.
                  | [Pale Draconian growth]
  4865 | D:4      | Learned a level 4 spell: Iskenderun's Mystic Blast
  4868 | D:4      | Learned a level 2 spell: Cigotuvi's Dreadful Rot
  5617 | D:5      | Found Xelipewk's Armour Emporium.
  5626 | D:5      | Reached skill level 1 in Air Magic
  5837 | D:5      | Reached skill level 1 in Necromancy
  6057 | D:5      | Reached skill level 1 in Poison Magic
  6057 | D:5      | Reached XP level 8. HP: 66/66 MP: 12/14
  6102 | D:5      | Reached skill level 1 in Hexes
  6110 | D:5      | Reached skill level 1 in Translocations
  6865 | D:6      | Reached XP level 9. HP: 65/71 MP: 7/15
  7186 | D:6      | Reached ** piety under Vehumet
  7187 | D:6      | Reached skill level 10 in Conjurations
  7685 | D:7      | Offered knowledge of Momentum Strike by Vehumet.
  7751 | D:7      | Reached skill level 5 in Fighting
  7895 | D:7      | Found an opulent altar of Gozag.
  7926 | D:7      | Identified the ring "Vilyal" {rN+ rCorr Int+2 SInv}
  8007 | D:7      | Reached skill level 1 in Shields
  8098 | D:7      | Offered knowledge of Inner Flame by Vehumet.
  8099 | D:7      | Reached skill level 5 in Spellcasting
  8130 | D:7      | Reached skill level 2 in Shields
  8401 | D:7      | Found a stormy altar of Qazlal.
  8472 | D:7      | Reached skill level 5 in Dodging
  8506 | D:8      | Reached skill level 3 in Shields
  8611 | D:8      | Reached *** piety under Vehumet
  8999 | D:8      | Reached skill level 4 in Shields
  9031 | D:8      | Reached XP level 10. HP: 83/83 MP: 14/17
  9051 | D:8      | Reached skill level 5 in Shields
  9210 | D:8      | Found a staircase to the Lair.
  9307 | D:8      | Found a shimmering altar of Xom.
  9307 | D:8      | Found a burning altar of Makhleb.
  9522 | D:8      | Noticed a two-headed ogre
  9913 | D:4      | Killed Pargi
  9914 | D:4      | Reached skill level 6 in Shields
 10107 | D:9      | Found a shimmering blue altar of Sif Muna.
 10108 | D:9      | Found an ancient bone altar of Kikubaaqudgha.
 10109 | D:9      | Found a bloodstained altar of Trog.
 10116 | D:9      | Found a sparkling altar of Nemelex Xobeh.
 10118 | D:9      | Found an ornate altar of the Wu Jian Council.
 10119 | D:9      | Found a glowing golden altar of the Shining One.
 10121 | D:9      | Found an iron altar of Okawaru.
 10231 | D:5      | Offered knowledge of Airstrike by Vehumet.
 10237 | D:5      | Learned a level 4 spell: Airstrike
 10248 | D:5      | Bought the +7 kite shield of Past Mistakes {Regen+} for 558
                  | gold pieces
 10411 | D:9      | Noticed a boulder beetle
 10630 | D:9      | Found a broken altar of Ashenzari.
 10747 | D:9      | Found a snail-covered altar of Cheibriados.
 10747 | D:9      | Found a sacrificial altar of Ru.
 10814 | D:9      | Reached skill level 7 in Shields
 10825 | D:9      | Reached skill level 8 in Shields
 10955 | D:9      | Reached skill level 9 in Shields
 11162 | D:10     | Entered Level 10 of the Dungeon
 11333 | D:10     | Reached **** piety under Vehumet
 11500 | D:10     | Reached skill level 10 in Shields
 11614 | D:10     | Reached XP level 11. HP: 81/89 MP: 11/18
 11734 | D:10     | Offered knowledge of Sticky Flame by Vehumet.
 12093 | D:11     | Noticed Josephine
 12112 | D:11     | Killed Josephine
 12113 | D:11     | Reached skill level 11 in Shields
 12114 | D:11     | Noticed a two-headed ogre
 12248 | D:11     | Noticed Sonja
 12254 | D:11     | Killed Sonja
 12366 | D:11     | Reached skill level 12 in Shields
 12418 | D:11     | Noticed a boulder beetle
 12443 | D:11     | Killed a boulder beetle
 12443 | D:11     | Noticed a rakshasa
 12449 | D:11     | Noticed a white ugly thing
 12663 | Lair:1   | Entered Level 1 of the Lair of Beasts
 12739 | Lair:1   | Reached skill level 13 in Shields
 12775 | Lair:1   | Noticed a boulder beetle
 12884 | Lair:1   | Killed a boulder beetle
 13030 | D:8      | Reached skill level 14 in Shields
 13112 | D:8      | Reached XP level 12. HP: 60/96 MP: 13/19
 13162 | Lair:1   | Reached ***** piety under Vehumet
 13223 | D:8      | Offered knowledge of Lee's Rapid Deconstruction by Vehumet.
 13640 | Lair:1   | Identified the +2 battleaxe of Agann {freeze, rPois Str+3}
 13958 | Lair:2   | Noticed a seven-headed hydra
 14138 | Lair:2   | Reached skill level 15 in Shields
 14512 | Lair:2   | Reached skill level 5 in Air Magic
 14527 | Lair:2   | Killed a seven-headed hydra
 15603 | Lair:2   | Reached XP level 13. HP: 67/105 MP: 12/22
 15876 | Lair:3   | Found a staircase to the Shoals.
 15897 | Lair:3   | Offered knowledge of Spellforged Servitor by Vehumet.
 15914 | Lair:3   | Found a hole to the Spider Nest.
 16115 | Lair:3   | Identified a scroll of acquirement
 16115 | Lair:3   | Acquired 306 gold pieces
 18149 | Lair:4   | Reached skill level 10 in Air Magic
 18800 | Lair:5   | Entered Level 5 of the Lair of Beasts
 18906 | Lair:5   | Found a frozen archway.
 19208 | D:11     | Found a portal to a secret trove of treasure.
 19608 | D:11     | Acquired the staff of conjuration "Nygyifryegan" {Will+}
 19615 | D:11     | Reached XP level 14. HP: 118/118 MP: 8/25
 20124 | D:12     | Found a broken altar of Ashenzari.
 20294 | D:12     | Found a staircase to the Orcish Mines.
 20689 | Orc:1    | Entered Level 1 of the Orcish Mines
 20690 | Orc:1    | Noticed an orc warlord
 20752 | D:12     | Killed an orc warlord
 20878 | Orc:1    | Noticed an orc warlord
 21113 | D:12     | Killed an orc warlord
 21738 | Orc:2    | Entered Level 2 of the Orcish Mines
 21741 | Orc:2    | Noticed Jorgrun
 21887 | Orc:2    | Killed Jorgrun
 22016 | Orc:2    | Found a staircase to the Elven Halls.
 22441 | Orc:2    | Offered knowledge of Conjure Ball Lightning by Vehumet.
 22467 | Orc:2    | Learned a level 6 spell: Conjure Ball Lightning
 22693 | Orc:2    | Reached skill level 10 in Fighting
 23848 | Orc:2    | HP: 5/121 [spore (27)]
 23848 | Orc:2    | Killed from afar by an orc high priest

Illustrated notes

Levels and vault maps discovered:
D:1:      amcnicky_arrival_blooded_trapdoor, layout_loops_ring,
          basic_ecumenical_altar, nicolae_figureground_sparkle
D:2:      kennysheep_big_flooded_room, layout_loops_ring
D:3:      layout_basic, serial_aquarium, aquarium_bridge_long_separate
          [aquarium_subvault_bridge, aquarium_subvault_wall,
          aquarium_subvault_wall, aquarium_subvault_wall,
          aquarium_subvault_bridge, aquarium_subvault_bridge],
          aquarium_window_2, aquarium_window_3, aquarium_window_fake,
          aquarium_view_2c, aquarium_balcony_3a, st_stairs_6
D:4:      layout_basic, minmay_temple_entry_grid, uniq_pargi
D:5:      layout_rooms, serial_shops, nicolae_stop_n_shop_2
D:6:      layout_gridville, roderic_malta_cross
D:7:      layout_rooms, grunt_gozag_statues, general_overflow_altar,
          serial_bayou_lake_a
D:8:      layout_cave_pools, grunt_temple_overflow_champion_of_chaos,
          erik_lair_dragon, lightli_corner_chamber
D:9:      layout_basic, lemuel_tele_altar, nicolae_overflow_hallway_of_the_gods
D:10:     layout_roguey, st_stairs_10
D:11:     layout_small_grid, nicolae_trove_entry_free_sample, minivault_14,
          uniq_sonja, uniq_josephine
D:12:     layout_cave_pools, minmay_orc_entry_temple_large, ashenzari_altar_1
D:13:     layout_irregular_city
Temple:   nicolae_temple_godpark
Lair:1:   layout_regular_city, chequers_serial_rivers_micro_b
Lair:2:   layout_roguey, beast_lair_carwin_7, grunt_megastairs_1
Lair:3:   layout_small_grid, nicolae_shoals_entry_flooding,
          nicolae_spider_entry_lesser_pyramids, grunt_megastairs_2
Lair:4:   nzn_winding_woodlands_medium [nzn_winding_woodlands_5x5_checkerboard,
          nzn_winding_woodlands_5x15_longhouse,
          nzn_winding_woodlands_5x5_perimeter, nzn_winding_woodlands_5x5_three,
          nzn_winding_woodlands_center_lodge,
          nzn_winding_woodlands_5x5_closed_star,
          nzn_winding_woodlands_5x5_default, nzn_winding_woodlands_5x15_eye,
          nzn_winding_woodlands_hourglass], layout_cave_pods
Lair:5:   gammafunk_lair_ancient_temple, layout_loops_ring, slime_entry_2,
          portal_ice_cave_entry_pillars_1
Orc:1:    layout_caves
Orc:2:    st_orc_pillars, layout_caves, uniq_jorgrun

Skill      XL: |  1  2  3  4  5  6  7  8  9 10 11 12 13 14 |
---------------+-------------------------------------------+-----
Dodging        | 2 3 5 6 7 8 |  8.5
Fighting       | 1 2 3 4 6 7 9 10 | 10.3
Conjurations   | 5 6 9 10 | 10.0
Spellcasting   | 3 4 5 6 7 8 |  8.5
Air Magic      | 2 7 10 12 | 12.1
Necromancy     | 1 |  1.0
Poison Magic   | 1 |  1.0
Hexes          | 2 |  2.0
Translocations | 2 |  2.0
Shields        | 4 10 14 15 | 15.0
Stealth        | |  1.7

Action                     |  1- 3 |  4- 6 |  7- 9 | 10-12 | 13-15 || total
---------------------------+-------+-------+-------+-------+-------++-------
  Melee: Mace              |     5 |       |       |       |       ||     5
         Hand axe          |       |    27 |    65 |   226 |   148 ||   466
         Tailslap          |       |     1 |    10 |    38 |    43 ||    92
         Staff             |       |       |       |       |    46 ||    46
   Cast: Magic Dart        |    59 |    56 |   120 |    25 |    10 ||   270
         Searing Ray       |     4 |    15 |    29 |    30 |    25 ||   103
         Iskenderun's Myst |       |       |     4 |    65 |    60 ||   129
         Fulminant Prism   |       |       |       |    10 |     7 ||    17
         Cigotuvi's Dreadf |       |       |       |     2 |     3 ||     5
         Airstrike         |       |       |       |    19 |   147 ||   166
         Conjure Ball Ligh |       |       |       |       |    31 ||    31
Ability: Breathe Steam     |       |       |    25 |    51 |    53 ||   129
  Evoke: Wand              |       |       |     8 |    31 |    13 ||    52
    Use: Scroll            |     6 |     1 |     6 |     9 |     7 ||    29
         Potion            |       |     1 |       |       |       ||     1
   Stab: Sleeping          |       |     1 |       |       |       ||     1
 Armour: Skin              |     5 |    12 |    70 |   106 |    90 ||   283
  Dodge: Dodged            |     6 |    29 |    95 |   185 |   128 ||   443
  Block: Buckler           |       |       |     5 |     4 |       ||     9
         Kite shield       |       |       |       |   409 |   378 ||   787

Table legend: (Time is in decaauts)
 A = Elapsed time spent in this place.
 B = Non-inter-level travel time spent in this place.
 C = Inter-level travel time spent in this place.
 D = Time resting spent in this place.
 E = Time spent auto-exploring this place.
 F = Levels seen in this place.
 G = Mean time per level.
                   A        B        C        D        E       F      G
               +--------+--------+--------+--------+--------+-----+--------+
         Total |  24161 |  21905 |   2256 |   4098 |  12692 |  21 | 1150.5 |
       Dungeon |  15349 |  13531 |   1818 |   2121 |   8117 |  13 | 1180.7 |
        Temple |     47 |     29 |     18 |      0 |     20 |   1 |   47.0 |
          Lair |   6119 |   5761 |    358 |    930 |   3535 |   5 | 1223.8 |
  Orcish Mines |   2644 |   2584 |     60 |   1047 |   1019 |   2 | 1322.0 |
               +--------+--------+--------+--------+--------+-----+--------+

Top non-repeatable levels by time:
  Lair:4: 2286 daAuts
   Orc:2: 1967 daAuts
     D:4: 1932 daAuts
     D:8: 1751 daAuts
  Lair:2: 1533 daAuts
     D:1: 1482 daAuts
    D:11: 1317 daAuts
     D:6: 1312 daAuts
     D:2: 1310 daAuts
    D:12: 1298 daAuts
     D:9: 1187 daAuts
  Lair:1: 1136 daAuts
  Lair:3: 1094 daAuts
     D:3: 1079 daAuts
     D:5: 963 daAuts
